[Event "8th Montevideo Open 2025"]
[Site "Montevideo"]
[Date "2025.02.04"]
[Round "4.9"]
[White "Varela, Mateo"]
[Black "Milat, Marcel"]
[Result "0-1"]
[Annotator "TA"]
[ECO "B03"]
[WhiteElo "1955"]
[BlackElo "2190"]
[PlyCount "50"]
[EventDate "2025.02.01"]
[EventType "swiss"]
[EventCountry "URU"]
[SourceTitle "playchess.com"]
[Source "ChessBase"]
[SourceQuality "1"]
[TimeControl "5400+30"]

1. e4 Nf6 2. e5 Nd5 3. c4 Nb6 4. d4 d6 5. f4 dxe5 6. fxe5 e6 7. Nc3 c5 8. d5 exd5 9. cxd5 c4 {[%emt 0:00:14] [#]} 10. d6 $1 Nc6 {[%emt 0:00:09] B03: Alekhine's Defence: Four Pawns Attack.} 11. Bf4 {[%emt 0:03:54] Hoping for Nb5.} g5 {[%emt 0:01:04] [#]} (11... f6 $142) 12. Bg3 $2 (12. Ne4 $1 $16 Bg7 13. Bxg5) 12... Bg7 $1 $15 {[%emt 0:00:09][%cal Oe8g8] Black is slightly better.} 13. Nd5 $146 (13. h3 $11 {remains equal.}) (13. Qd2 Nxe5 14. O-O-O O-O 15. h4 Bf5 16. hxg5 Rc8 17. Bxe5 Bxe5 18. Nf3 Bg7 19. Qf4 {½-½ Schink,B (2046)-Dreke,F (2037) Berlin Lichtenberger op 7th 2008 (6)}) 13... Nxd5 14. Qxd5 Be6 15. Qc5 (15. d7+ $17 Qxd7 (15... Bxd7 16. Bxc4 O-O 17. Nf3 $17) 16. Qxd7+ Bxd7 17. Nf3) 15... Qb6 16. Qxb6 axb6 17. Nf3 h6 18. h3 Ra5 $36 {[%emt 0:00:00][%cal Rc6e5][%mdl 2048] Keeping White busy.} 19. O-O-O (19. Be2 $17) 19... Rxa2 $19 (19... Nxe5 20. Nd4 $17) 20. Kb1 Ra5 21. Nd4 Nxd4 (21... Nxe5 22. Nxe6 fxe6 23. Bxe5 Bxe5 24. Bxc4 $11) 22. Rxd4 b5 (22... Bxe5 23. Bxe5 Bf5+ (23... Rxe5 24. Bxc4 Kd7 25. Rf1 $17) 24. Kc1 Rxe5 25. Bxc4 $17) 23. Be1 (23. Kc2 {keeps fighting.} f6 24. Be2) 23... Ra6 (23... Bxe5 24. d7+ Ke7 (24... Bxd7 25. Rxd7 Kxd7 26. Bxa5 $16) 25. Bb4+ Kf6 26. Bxa5 $18 (26. d8=R Rxd8 27. Rxd8 Ra4 $14) (26. d8=B+ Kg6 $14)) 24. Bg3 (24. g4 $142 Bxe5 25. Re4 Bxd6 26. h4) 24... Kd7 25. b3 Rha8 {[%emt 0:00:00] Weighted Error Value: White=1.00/Black=0.14 (very precise)   Mistake:       	White=6     	Black=1      Inaccurate:     	White=2     	Black=1      OK:         	White=4     	Black=6      Best:        	---       	Black=1      Strong:       	---       	Black=1} ({Stronger than} 25... cxb3 26. Bxb5+ Rc6 27. Bxc6+ bxc6 28. Ra4 $16) 0-1

[Event "8th Montevideo Open 2025"]
[Site "Montevideo"]
[Date "2025.02.03"]
[Round "4.10"]
[White "Mussanti, Diego"]
[Black "Escofet, Jaime"]
[Result "*"]
[Annotator "RC"]
[ECO "B12"]
[WhiteElo "2173"]
[BlackElo "1951"]
[PlyCount "79"]
[EventDate "2025.02.01"]
[EventType "swiss"]
[EventCountry "URU"]
[SourceTitle "playchess.com"]
[Source "ChessBase"]
[SourceQuality "1"]
[TimeControl "5400+30"]

1. e4 c6 2. d4 d5 3. e5 Bf5 4. c4 e6 5. Nc3 dxc4 6. Bxc4 Nd7 7. Nge2 Nb6 8. Bb3 Ne7 9. Ng3 Bg6 10. O-O Nf5 11. Nxf5 Bxf5 12. g4 Bg6 13. f4 Qh4 14. Qe2 O-O-O 15. Be3 Bb4 16. f5 exf5 17. gxf5 Bh5 18. Qf2 Qxf2+ 19. Rxf2 Bxc3 20. bxc3 Nd5 21. Bd2 b5 22. a4 a6 23. axb5 axb5 24. Bxd5 cxd5 25. Ra5 Kc7 26. Rxb5 Ra8 27. Bf4 Ra1+ 28. Kg2 Rha8 29. e6+ Kd8 30. Rxd5+ Ke8 31. f6 Bg6 32. fxg7 Ke7 33. Bg5+ Kxe6 34. Rd8 Be4+ 35. Kh3 Rxd8 36. Bxd8 Rg1 37. Rf6+ Kd5 38. Rxf7 Kc4 39. Bh4 Rg6 40. Rc7+ *

[Event "8th Montevideo Open 2025"]
[Site "Montevideo"]
[Date "2025.02.04"]
[Round "4.11"]
[White "Esteve, Federico"]
[Black "Dominguez, Facundo"]
[Result "0-1"]
[Annotator "TA"]
[ECO "E21"]
[WhiteElo "1946"]
[BlackElo "2159"]
[PlyCount "38"]
[EventDate "2025.02.01"]
[EventType "swiss"]
[EventCountry "URU"]
[SourceTitle "playchess.com"]
[Source "ChessBase"]
[SourceQuality "1"]
[TimeControl "5400+30"]

1. d4 Nf6 2. c4 e6 3. Nc3 Bb4 4. e3 O-O 5. Bd2 b6 6. Nf3 Bb7 7. Rc1 d6 8. Bd3 Nbd7 9. O-O {[%emt 0:23:00] The position is equal.} e5 10. dxe5 dxe5 {[%emt 0:03:23] [#] And now ...Bxc3 would win.} 11. Be2 Re8 12. Qc2 e4 13. Nd4 Bf8 14. Rcd1 c5 15. Nb3 (15. Nf5 $11 {keeps the balance.}) 15... Ne5 $17 {[%emt 0:08:38][%cal Oe5f3] White must now prevent ...Nf3+!} 16. h3 $2 {[%emt 0:00:00] This costs White the game.} (16. Bc1 $17 Qc7 17. Nd5) 16... Qc8 {[%emt 0:06:57][%cal Oe5f3] Hoping for ...Nf3+!} 17. Bc1 $2 (17. Rfe1 {was the only defense.}) 17... Nf3+ $1 $19 18. Kh1 {[%emt 0:00:00] [#]} (18. Bxf3 $142 exf3 19. Nd5) 18... Re5 $1 {[%emt 0:00:28][%cal Oe5h5] ( -> ...Rh5!)} 19. Nd5 (19. Rg1 Rh5) 19... Bxd5 {[%emt 0:02:19] Weighted Error Value: White=0.76/Black=0.11 (very precise) .  Loses game:     	White=1     	---        Mistake:       	White=3     	---        Inaccurate:     	White=2     	Black=2      OK:         	White=4     	Black=4      Best:        	---       	Black=2      Strong:       	---       	Black=1} 0-1

[Event "8th Montevideo Open 2025"]
[Site "Montevideo"]
[Date "2025.02.04"]
[Round "4.13"]
[White "Bauza, Alejandro"]
[Black "Cayetano, Juan"]
[Result "0-1"]
[Annotator "NA RC"]
[ECO "E01"]
[WhiteElo "2116"]
[BlackElo "1940"]
[PlyCount "72"]
[EventDate "2025.02.01"]
[EventType "swiss"]
[EventCountry "URU"]
[SourceTitle "playchess.com"]
[Source "ChessBase"]
[SourceQuality "1"]
[TimeControl "5400+30"]

1. Nf3 d5 2. d4 Nf6 3. c4 e6 4. g3 Ne4 5. Bg2 g6 6. Nc3 Bg7 7. cxd5 exd5 8. Qb3 Nxc3 9. bxc3 O-O 10. Bg5 f6 11. Bf4 Re8 12. O-O c6 13. Rfe1 Kh8 14. c4 g5 15. Bxb8 dxc4 16. Qxc4 Rxb8 17. e4 Be6 18. Qa4 a5 19. Rad1 b5 20. Qc2 Qd7 21. d5 cxd5 22. exd5 Bf5 23. Qd2 b4 24. Nd4 Bg4 25. Rc1 f5 26. Ne6 Bc3 27. Qxg5 Qe7 28. Qh6 Qf6 29. Qxf6+ Bxf6 30. d6 Rb6 31. Bc6 Rc8 32. Ba4 Rxc1 33. Rxc1 h6 34. Rc6 Rxc6 35. Bxc6 f4 36. Nxf4 Kg8 0-1

[Event "8th Montevideo Open 2025"]
[Site "Montevideo"]
[Date "2025.02.04"]
[Round "4.15"]
[White "De Lima, Adriano Gaspar"]
[Black "Balseca Moreno, Diego"]
[Result "1-0"]
[Annotator "TA"]
[ECO "E81"]
[WhiteElo "2073"]
[BlackElo "2269"]
[PlyCount "85"]
[EventDate "2025.02.01"]
[EventType "swiss"]
[EventCountry "URU"]
[SourceTitle "playchess.com"]
[Source "ChessBase"]
[SourceQuality "1"]
[TimeControl "5400+30"]

1. d4 Nf6 2. c4 g6 3. Nc3 Bg7 4. e4 d6 5. f3 O-O 6. Be3 c5 7. Nge2 Qa5 8. Qd2 Nc6 9. d5 {[%emt 0:06:26] 9.Rd1 is the modern continuation.} Ne5 10. Ng3 {[%emt 0:00:14] E81: King's Indian: Sämisch: 6th move deviations (including 6 Be3 c6).} Nfd7 {[%emt 0:00:07] has lost popularity (10...h5).} 11. Rc1 a6 12. Be2 {[%emt 0:01:12] [#] The position is equal.} b5 $1 13. cxb5 (13. b3 bxc4) 13... axb5 {[%emt 0:00:25] Black sacrificed a pawn} ({Better is} 13... Nb6 $1 $15 14. b3 (14. f4 $2 Nec4 $19) 14... axb5 15. Bxb5 Ba6) 14. Nxb5 Qxd2+ $146 (14... Qb6 15. f4 Ng4 16. Bxg4 Qxb5 17. b3 Ra3 18. Be2 Qb7 19. O-O Qa8 20. Rc2 h5 21. Bd3 Ba6 22. Bxa6 Qxa6 23. Re1 Ra8 {½-½ Jagadeesh,A (2068)-Anshuman,K (1965) IND-chB 51st 2013 (13)}) 15. Bxd2 Nb6 ({Of course not} 15... Rxa2 $6 16. f4 $11) 16. a3 Ba6 (16... Bd7 $17 17. f4 Nec4 18. Rxc4 Bxb5) 17. Nc7 $36 {[%emt 0:00:00][%csl LRa6,LRa8][%mdl 2048] White is in control.} Bxe2 18. Nxa8 (18. Kxe2 Rab8 19. b4 Nbc4 $19) 18... Nd3+ 19. Kxe2 Nxc1+ 20. Rxc1 Rxa8 21. Bc3 Bh6 22. Rc2 Nc4 23. Nf1 {[%emt 0:00:00] Prevents Ne3} e6 24. Bd2 Nxd2 25. Nxd2 exd5 26. exd5 Bxd2 (26... Re8+ $16 27. Kf1 Bxd2 28. Rxd2 Re3) 27. Rxd2 $16 {[%emt 0:00:00][%mdl 4096] Endgame KR-KR. White is a pawn up.} Kg7 (27... Kf8 $16 28. Kd3 Ke7 29. Re2+ Kd7) 28. Kd3 $18 Kf6 $2 {[%emt 0:00:00] [#]} (28... Ra4 29. Re2 Rd4+ 30. Kc3 Rxd5) 29. Re2 $1 Ra4 30. Re4 {[%emt 0:00:00] Wards off Rd4+} Ra7 (30... Ra8 {is a better defense.} 31. h4 h5) 31. Kc4 {[%emt 0:00:00] White is clearly winning.} Ra5 32. Re2 h5 33. b4 cxb4 34. axb4 Ra1 35. Kb5 Rc1 36. Kb6 g5 37. b5 g4 38. fxg4 hxg4 39. Ka7 Ra1+ 40. Kb7 Kg5 41. b6 Rc1 42. Ka7 {[%emt 0:00:00] Strongly threatening Ra2.} Ra1+ 43. Kb8 {[%emt 0:00:00] Weighted Error Value: White=0.05 (flawless) /Black=0.73  Mistake:       	---       	Black=6      Inaccurate:     	White=3     	Black=3      OK:         	White=5     	Black=8      Best:        	White=5     	Black=2      Strong:       	White=1     	---        Brilliant:      	---       	Black=1} 1-0

[Event "8th Montevideo Open 2025"]
[Site "Montevideo"]
[Date "2025.02.04"]
[Round "4.16"]
[White "Meza, Anahi"]
[Black "Errazola, Mauricio"]
[Result "1-0"]
[Annotator "NA RC"]
[ECO "E11"]
[WhiteElo "2038"]
[BlackElo "1891"]
[PlyCount "51"]
[EventDate "2025.02.01"]
[EventType "swiss"]
[EventCountry "URU"]
[SourceTitle "playchess.com"]
[Source "ChessBase"]
[SourceQuality "1"]
[TimeControl "5400+30"]

1. d4 Nf6 2. c4 e6 3. Nf3 Bb4+ 4. Bd2 Qe7 5. a3 Bxd2+ 6. Qxd2 b6 7. Nc3 Bb7 8. Qc2 O-O 9. e4 d6 10. Bd3 g6 11. O-O Nbd7 12. e5 dxe5 13. dxe5 Ng4 14. Be4 c6 15. Qe2 Ngxe5 16. Rad1 Nxf3+ 17. Qxf3 Rac8 18. Rd2 Nf6 19. Rfd1 Rc7 20. Bc2 c5 21. Qf4 Nh5 22. Qh6 Qh4 23. f3 Qxc4 24. Be4 Nf6 25. Rd8 Rc8 26. Qxf8# 1-0

[Event "8th Montevideo Open 2025"]
[Site "Montevideo"]
[Date "2025.02.04"]
[Round "4.17"]
[White "Volpe, Agustin"]
[Black "Saralegui, Mario"]
[Result "1-0"]
[Annotator "NA RC"]
[ECO "A56"]
[WhiteElo "1873"]
[BlackElo "2034"]
[PlyCount "117"]
[EventDate "2025.02.01"]
[EventType "swiss"]
[EventCountry "URU"]
[SourceTitle "playchess.com"]
[Source "ChessBase"]
[SourceQuality "1"]
[TimeControl "5400+30"]

1. d4 Nf6 2. c4 c5 3. d5 e5 4. Nc3 d6 5. e4 Be7 6. Bd3 a6 7. a4 b6 8. Nge2 Nbd7 9. O-O O-O 10. Qc2 g6 11. h3 Ne8 12. f4 exf4 13. Bxf4 Ne5 14. Bxe5 dxe5 15. a5 bxa5 16. Qa4 Bg5 17. Qxa5 Be3+ 18. Kh2 Qxa5 19. Rxa5 Rb8 20. Nd1 Bd2 21. Rxc5 Bd7 22. Nec3 f5 23. Rf2 Bh6 24. Ra5 Nd6 25. Rxa6 Nxe4 26. Bxe4 fxe4 27. Nxe4 Bf5 28. Ndc3 Bxe4 29. Rxf8+ Kxf8 30. Rf6+ Ke7 31. Nxe4 Bf4+ 32. g3 Rxb2+ 33. Kh1 Rb1+ 34. Kg2 Rb2+ 35. Kf1 Be3 36. Re6+ Kd8 37. Rxe5 Rc2 38. Nd6 Bf2 39. Re2 Rxe2 40. Kxe2 Bxg3 41. Ne4 Bh4 42. Kf3 h5 43. Kf4 Kd7 44. Ke5 g5 45. Kf5 g4 46. hxg4 hxg4 47. Kxg4 Be7 48. Kf5 Ba3 49. c5 Bb4 50. Ke5 Ba3 51. Kd4 Kc7 52. Kc4 Bc1 53. Kb5 Bf4 54. d6+ Kd7 55. c6+ Kc8 56. Kc5 Be3+ 57. Kd5 Bb6 58. Ke6 Kd8 59. Nf6 1-0

[Event "8th Montevideo Open 2025"]
[Site "Montevideo"]
[Date "2025.02.04"]
[Round "4.18"]
[White "Manteiga, Franco"]
[Black "Zaruski, Julio"]
[Result "1-0"]
[Annotator "RC"]
[ECO "D85"]
[WhiteElo "2029"]
[BlackElo "1860"]
[PlyCount "97"]
[EventDate "2025.02.01"]
[EventType "swiss"]
[EventCountry "URU"]
[SourceTitle "playchess.com"]
[Source "ChessBase"]
[SourceQuality "1"]
[TimeControl "5400+30"]

1. d4 Nf6 2. c4 g6 3. Nc3 d5 4. cxd5 Nxd5 5. Bd2 Bg7 6. e4 Nb6 7. Be3 O-O 8. Be2 e5 9. Nf3 exd4 10. Nxd4 a6 11. O-O N8d7 12. Qc2 c5 13. Nb3 Qc7 14. Rad1 c4 15. Nd2 Nf6 16. Bxb6 Qxb6 17. Nxc4 Qc7 18. Ne3 Be6 19. Ned5 Qc5 20. b4 Qa7 21. Nc7 Rac8 22. Nxe6 fxe6 23. Qb3 Rxc3 24. Qxc3 Nxe4 25. Qe3 Qxe3 26. fxe3 Nc3 27. Rxf8+ Bxf8 28. Rd2 Nxe2+ 29. Rxe2 Bxb4 30. Rc2 Bd6 31. Rd2 Bc5 32. Kf2 b6 33. Rd7 g5 34. Kf3 h5 35. Ra7 a5 36. a4 g4+ 37. Ke4 Bd6 38. h3 gxh3 39. gxh3 h4 40. Rb7 Bc5 41. Kd3 Kh8 42. e4 e5 43. Kc4 Kg8 44. Kb5 Bd4 45. Rxb6 Bc3 46. Rb7 Kh8 47. Ra7 Kg8 48. Rxa5 Bxa5 49. Kxa5 1-0

[Event "8th Montevideo Open 2025"]
[Site "Montevideo"]
[Date "2025.02.04"]
[Round "4.19"]
[White "Diaz Delograsi, Francisco"]
[Black "Guerrero, Alvaro"]
[Result "1-0"]
[Annotator "NA RC"]
[ECO "E67"]
[WhiteElo "1846"]
[BlackElo "2028"]
[PlyCount "85"]
[EventDate "2025.02.01"]
[EventType "swiss"]
[EventCountry "URU"]
[SourceTitle "playchess.com"]
[Source "ChessBase"]
[SourceQuality "1"]
[TimeControl "5400+30"]

1. Nf3 g6 2. d4 d6 3. c4 Bg7 4. g3 Nd7 5. Bg2 e5 6. Nc3 Ngf6 7. O-O O-O 8. Bg5 h6 9. Bxf6 Bxf6 10. e3 Bg7 11. h4 f5 12. dxe5 dxe5 13. Qd5+ Kh8 14. Rad1 c6 15. Qd2 Qe7 16. Qd6 Qf7 17. c5 e4 18. Nd4 Be5 19. Qe6 Qg7 20. Qc4 Re8 21. Nce2 Bf6 22. h5 Ne5 23. Qb3 Nd3 24. hxg6 Nxc5 25. Qf7 Nd3 26. Qxe8+ Qg8 27. Qxg8+ Kxg8 28. Rd2 c5 29. Nb3 Bd7 30. Nf4 c4 31. Nd4 Rc8 32. Bh3 Rc5 33. Rfd1 b5 34. Rc2 Be7 35. f3 Nb4 36. Rcd2 exf3 37. Nxf3 Bc6 38. Nd4 Be4 39. a3 Nd3 40. Bg2 a5 41. Nxd3 Bxd3 42. Ne6 Re5 43. Nf4 1-0

[Event "8th Montevideo Open 2025"]
[Site "Montevideo"]
[Date "2025.02.04"]
[Round "4.20"]
[White "Martello, Benjamin"]
[Black "Martinez Lopez, Antonio Javier"]
[Result "1-0"]
[Annotator "NA RC"]
[ECO "D38"]
[WhiteElo "1968"]
[BlackElo "1856"]
[PlyCount "79"]
[EventDate "2025.02.01"]
[EventType "swiss"]
[EventCountry "URU"]
[SourceTitle "playchess.com"]
[Source "ChessBase"]
[SourceQuality "1"]
[TimeControl "5400+30"]

1. Nf3 d5 2. c4 e6 3. d4 Nf6 4. Bg5 Bb4+ 5. Nc3 O-O 6. e3 h6 7. Bh4 g5 8. Bg3 Ne4 9. Qb3 Nc6 10. Bd3 a5 11. O-O Bxc3 12. bxc3 Ne7 13. Qc2 Nxg3 14. hxg3 f5 15. g4 Ng6 16. gxf5 exf5 17. cxd5 g4 18. Nd2 Qh4 19. Rfe1 g3 20. Nf3 gxf2+ 21. Qxf2 Qg4 22. Ne5 Qg5 23. Nxg6 Qxg6 24. Qf4 Rf7 25. Re2 Qg5 26. Rf1 b6 27. d6 Qxf4 28. Rxf4 cxd6 29. Bc4 Ba6 30. Bxf7+ Kxf7 31. Rxf5+ Ke6 32. Ref2 Rc8 33. d5+ Ke7 34. Rf7+ Kd8 35. Rf8+ Kc7 36. R2f7+ Kb8 37. Rxc8+ Kxc8 38. e4 Bc4 39. a3 Bd3 40. Re7 1-0

[Event "8th Montevideo Open 2025"]
[Site "Montevideo"]
[Date "2025.02.04"]
[Round "4.21"]
[White "Tacoronte, Daniel"]
[Black "Izquierdo, Daniel"]
[Result "0-1"]
[Annotator "NA RC"]
[ECO "A04"]
[WhiteElo "1813"]
[BlackElo "2069"]
[PlyCount "72"]
[EventDate "2025.02.01"]
[EventType "swiss"]
[EventCountry "URU"]
[SourceTitle "playchess.com"]
[Source "ChessBase"]
[SourceQuality "1"]
[TimeControl "5400+30"]

1. Nf3 c5 2. g3 b6 3. Bg2 Bb7 4. O-O g6 5. e3 Bg7 6. d4 Nf6 7. c4 O-O 8. Nbd2 e6 9. b3 Qc7 10. Bb2 d6 11. Rc1 Nbd7 12. Qc2 Rac8 13. Rfd1 Rfd8 14. e4 cxd4 15. Nxd4 a6 16. b4 Qb8 17. Qb3 Qa8 18. f3 Bh6 19. Rc2 e5 20. Ne2 b5 21. cxb5 axb5 22. Rxc8 Rxc8 23. Nc3 d5 24. Nxb5 Qa6 25. a4 Bc6 26. Bf1 Qb6+ 27. Kg2 dxe4 28. Nd6 exf3+ 29. Nxf3 Rf8 30. Bc4 Ng4 31. Nxf7 Qf2+ 32. Kh3 Kg7 33. Nxh6 Kxh6 34. Bc1+ Kh5 35. Rf1 Bxf3 36. Qb2 Bg2# 0-1

[Event "8th Montevideo Open 2025"]
[Site "Montevideo"]
[Date "2025.02.04"]
[Round "4.22"]
[White "Pascualvaca, Federico"]
[Black "Izquierdo, Sebastian"]
[Result "0-1"]
[Annotator "RC"]
[ECO "B01"]
[WhiteElo "1794"]
[BlackElo "1970"]
[PlyCount "124"]
[EventDate "2025.02.01"]
[EventType "swiss"]
[EventCountry "URU"]
[SourceTitle "playchess.com"]
[Source "ChessBase"]
[SourceQuality "1"]
[TimeControl "5400+30"]

1. e4 d5 2. exd5 Nf6 3. Nf3 Nxd5 4. d4 Bg4 5. h3 Bh5 6. c4 Nb6 7. g4 Bg6 8. Qb3 Be4 9. Nbd2 Bc6 10. d5 Ba4 11. Qc3 Bd7 12. Ne5 e6 13. Qf3 Qf6 14. Qxf6 gxf6 15. Nxd7 N8xd7 16. Bg2 O-O-O 17. O-O Bb4 18. a3 Bxd2 19. Bxd2 Nxc4 20. Bc3 e5 21. Rac1 Kb8 22. Rfd1 Ndb6 23. Rd3 h5 24. f4 hxg4 25. hxg4 Rhe8 26. Re1 Nd7 27. b3 Nxa3 28. Rh3 Nb5 29. Bb2 Rg8 30. g5 exf4 31. gxf6 Rg6 32. Kf2 Nxf6 33. Re7 Ng4+ 34. Ke2 f5 35. Rd7 Re8+ 36. Kd2 a6 37. Bf1 Nd6 38. Bd3 Nf2 39. Rhh7 Rg2 40. Bd4 Nxd3+ 41. Kxd3 Nb5 42. Rhe7 Rg3+ 43. Kc4 Rgg8 44. Be5 Rxe7 45. Rxe7 f3 46. Kd3 Rd8 47. Ke3 Rxd5 48. Kxf3 Rd3+ 49. Kf4 Rxb3 50. Kxf5 Ka7 51. Bf4 Kb6 52. Ke6 Rf3 53. Ke5 Nd6 54. Re6 Kc6 55. Rf6 a5 56. Kd4 b5 57. Rf8 Rf1 58. Kc3 b4+ 59. Kc2 Rf3 60. Kb2 Nc4+ 61. Kc2 b3+ 62. Kd1 b2 0-1

[Event "8th Montevideo Open 2025"]
[Site "Montevideo"]
[Date "2025.02.04"]
[Round "4.23"]
[White "Gonzalez Prestes, Marcos"]
[Black "Guillen Ramirez, Jose Antonio"]
[Result "1/2-1/2"]
[Annotator "RC"]
[ECO "D02"]
[WhiteElo "1596"]
[BlackElo "2114"]
[PlyCount "169"]
[EventDate "2025.02.01"]
[EventType "swiss"]
[EventCountry "URU"]
[SourceTitle "playchess.com"]
[Source "ChessBase"]
[SourceQuality "1"]
[TimeControl "5400+30"]

1. d4 Nf6 2. Nf3 d5 3. Bf4 e6 4. e3 c5 5. c3 Nc6 6. Bd3 a6 7. a4 b6 8. h3 Bb7 9. Nbd2 Bd6 10. Ne5 h6 11. Qe2 c4 12. Bc2 b5 13. e4 Be7 14. Nxc6 Bxc6 15. e5 Nd7 16. Nf3 Nb6 17. axb5 Bxb5 18. Bd2 Qc7 19. Nh2 Qd7 20. Qg4 g6 21. Qd1 h5 22. Nf3 Kd8 23. Ng5 Bxg5 24. Bxg5+ Kc7 25. h4 Rhb8 26. O-O Nc8 27. Qd2 Nb6 28. Qd1 Nc8 29. Qd2 Bc6 30. Rfb1 Rb6 31. Bf6 a5 32. Kf1 a4 33. Ra3 Rab8 34. Ra2 Na7 35. Qd1 Ra6 36. Bg5 Nc8 37. Ke1 Nb6 38. Ra3 Bb5 39. Kf1 Rba8 40. Bc1 Nc8 41. Ke1 Na7 42. Rba1 Nc8 43. Kf1 Nb6 44. Ke1 Bc6 45. Kf1 Ra5 46. Rb1 Nc8 47. Rba1 Nb6 48. Rb1 Bb5 49. Ke1 R5a6 50. Rba1 Nc8 51. Rb1 Ne7 52. g3 Nc6 53. Rba1 Nd8 54. Rb1 Nb7 55. Rba1 Bc6 56. Kf1 Nd8 57. Ke1 Bb5 58. Kf1 Kb6 59. Ke1 Nb7 60. Kf1 R8a7 61. Ke1 Qe8 62. Kf1 Ra8 63. Ke1 Nd8 64. Kf1 Ra5 65. Ke1 R8a6 66. Kf1 Nc6 67. Ke1 Na7 68. Kf1 Nc8 69. Ke1 Kb7 70. Kf1 Nb6 71. Ke1 Ra8 72. Kf1 R5a6 73. Ke1 Qf8 74. Kf1 Be8 75. Ke1 f6 76. f4 R6a7 77. Ke2 Kc7 78. Ke1 Ra5 79. Qe2 f5 80. Qd1 Bb5 81. Qe2 R5a6 82. Qd1 Qb8 83. Kf2 Qa7 84. Ke1 Kb7 85. Kf2 1/2-1/2

[Event "8th Montevideo Open 2025"]
[Site "Montevideo"]
[Date "2025.02.04"]
[Round "4.24"]
[White "Durante, Aurelio"]
[Black "Martinez Tagliafico, Sergio"]
[Result "1-0"]
[Annotator "NA RC"]
[ECO "B01"]
[WhiteElo "1950"]
[BlackElo "1831"]
[PlyCount "59"]
[EventDate "2025.02.01"]
[EventType "swiss"]
[EventCountry "URU"]
[SourceTitle "playchess.com"]
[Source "ChessBase"]
[SourceQuality "1"]
[TimeControl "5400+30"]

1. e4 d5 2. exd5 Qxd5 3. Nf3 Bg4 4. Be2 Nc6 5. O-O e5 6. Nc3 Qd6 7. d3 a6 8. Re1 O-O-O 9. a3 f5 10. h3 Bh5 11. Nxe5 Qxe5 12. Bxh5 Qf6 13. Bf3 Bd6 14. Bxc6 bxc6 15. Qe2 Qh4 16. Qe6+ Kb7 17. Qb3+ Kc8 18. Qa4 Qf6 19. Qxa6+ Kd7 20. Qc4 Ne7 21. Bf4 g5 22. Bxd6 cxd6 23. Re2 h5 24. Rae1 Rh7 25. Re6 Qf8 26. Qa6 Rc8 27. Na4 Rc7 28. Nb6+ Ke8 29. Qa8+ Kf7 30. Rf6+ 1-0